 Dungeon Crawl Stone Soup version 0.30.0-18-gc0e69614cb (webtiles) character file.

Game seed: 14181066587967022602

197905 LustLizard the Destroyer (level 18, -1/112 HPs)
             Began as a Gargoyle Earth Elementalist on May 18, 2023.
             Was the Champion of Makhleb.
             Slain by a wolf spider simulacrum (16 damage)
             ... on level 2 of the Spider Nest on May 24, 2023.
             The game lasted 01:59:34 (47861 turns).

LustLizard the Destroyer (GrEE)                    Turns: 47861, Time: 01:59:36

Health: -1/112     AC: 32    Str: 15    XL:     18   Next: 42%
Magic:  22/32      EV: 15    Int: 21    God:    Makhleb [******]
Gold:   2652       SH:  7    Dex: 16    Spells: 14/38 levels left

rFire   + . .        n - staff of fire
rCold   . . .        F - +1 buckler
rNeg    + . .        N - quicksilver dragon scales "Patown" {Rampage rElec rC- Will+ Dex+6}
rPois   ∞            G - +1 hat
rElec   +            m - +2 cloak
rCorr   .            j - +1 pair of gloves
SInv    .            (no boots)
Will    ++...        E - amulet of regeneration
Stlth   ++           u - ring of protection from cold
HPRegen 1.18/turn    P - +5 ring of evasion
MPRegen 0.23/turn

%: rampage
@: flying
A: sickness immunity, AC +13, big wings, negative energy resistance 1,
electricity resistance, torment resistance 1, petrification resistance
}: 1/15 runes: decaying
a: Renounce Religion, Minor Destruction, Lesser Servant of Makhleb, Major
Destruction, Greater Servant of Makhleb


You were on level 2 of the Spider Nest.
You worshipped Makhleb.
Makhleb was exalted by your worship.
You visited 5 branches of the dungeon, and saw 28 of its levels.
You also visited: Sewer and Bailey.

You collected 3252 gold pieces.
You spent 600 gold pieces at shops.

Inventory:

Hand Weapons
 A - the +7 spear "LustLizard's Regret" {heavy, rC+ rN+++ rCorr Dex-5}
   (You took it off an orc high priest on level 14 of the Dungeon)

   Dex:       It affects your dexterity (-5).
   rC:        It protects you from cold.
   rN:        It renders you almost immune to negative energy.
   rCorr:     It protects you from acid and corrosion.
 D - the +3 dagger "Kamalluti" {heavy, Drain rElec Will+ Dex+2}
   (You took it off an orc on level 6 of the Dungeon)

   Dex:       It affects your dexterity (+2).
   rElec:     It insulates you from electricity.
   Drain:     It drains your maximum health when unequipped.
   Will:      It increases your willpower.
Armour
 a - the +4 robe "Gielitsi" {Dex+4 Archmagi}
   (You found it on level 8 of the Dungeon)

   Dex:       It affects your dexterity (+4).
   Archmagi:  It increases the power of your magical spells.
 j - a +1 pair of gloves (worn)
 m - a +2 cloak (worn)
 F - a +1 buckler (worn)
 G - a +1 hat (worn)
 N - the quicksilver dragon scales "Patown" (worn) {Rampage rElec rC- Will+ Dex+6}
   (You took it off a spriggan in a bailey)

   Dex:       It affects your dexterity (+6).
   rC:        It makes you vulnerable to cold.
   rElec:     It insulates you from electricity.
   Rampage:   It bestows one free step when moving towards enemies.
   Will:      It increases your willpower.
Magical Staves
 n - a staff of fire (weapon)
Jewellery
 b - a ring of protection from fire
 p - a ring of protection from fire
 u - a ring of protection from cold (left hand)
 y - a ring of protection from cold
 E - an amulet of regeneration (around neck)
 L - a ring of wizardry
 P - a +5 ring of evasion (right hand)
 V - an amulet of reflection
 W - a ring of fire
Wands
 c - a wand of light (11)
 o - a wand of flame (48)
 s - a wand of digging (7)
 z - a wand of mindburst (6)
 H - a wand of iceblast (39)
 U - a wand of charming (16)
Scrolls
 e - 3 scrolls of poison
 f - 2 scrolls of fog
 g - 6 scrolls of magic mapping
 h - 2 scrolls of silence
 i - 8 scrolls of amnesia
 r - a scroll of fear
 w - 4 scrolls of enchant armour
 B - 6 scrolls of immolation
 I - a scroll of butterflies
 J - 4 scrolls of enchant weapon
 Q - 5 scrolls of brand weapon
 T - a scroll of blinking
Potions
 d - 17 potions of curing
 k - 3 potions of resistance
 l - 3 potions of heal wounds
 q - a potion of lignification
 t - 7 potions of haste
 v - 5 potions of mutation
 x - 6 potions of brilliance
 C - a potion of cancellation
 M - 6 potions of might
 X - a potion of magic
Miscellaneous
 K - a phial of floods
 O - a box of beasts (inert)
 R - a lightning rod (4/4)
 S - a condenser vane
 Z - a phantom mirror (inert)


   Skills:
 + Level 12.5 Fighting
 - Level 2.2 Short Blades
 - Level 8.1 Armour
 - Level 1.5 Dodging
 - Level 4.0 Stealth
 - Level 6.6 Shields
 + Level 10.9 Spellcasting
 + Level 13.8 Conjurations
 - Level 0.7 Transmutations
 * Level 12.9 Fire Magic
 * Level 9.8 Air Magic
 + Level 13.5 Earth Magic
 - Level 12.2 Invocations
 - Level 6.4 Evocations


You had 14 spell levels left.
You knew the following spells:

 Your Spells              Type           Power      Damage    Failure   Level
a - Sandblast             Erth           100%       2d20      1%          1
b - Stone Arrow           Conj/Erth      100%       3d13      1%          3
c - Swiftness             Air            52%        N/A       1%          3
d - Fireball              Conj/Fire      40%        3d16      1%          5
e - Plasma Beam           Fire/Air       36%        2x1d54    19%         6
f - Iron Shot             Conj/Erth      31%        9d6       8%          6

Your spell library contained the following spells:

 Spells                   Type           Power      Damage    Failure   Level
 Foxfire                  Conj/Fire      100%       2x1d9     1%          1
 Kiss of Death            Conj/Necr      100%       2d13      1%          1
 Shock                    Conj/Air       100%       1d9       1%          1
 Passwall                 Tmut/Erth      34%        N/A       1%          2
 Scorch                   Fire           100%       2d9       1%          2
 Static Discharge         Conj/Air       100%       2-7/arc   1%          2
 Flame Wave               Conj/Fire      80%        2d17      1%          4
 Poisonous Vapours        Pois/Air       64%        N/A       2%          2
 Airstrike                Air            26%        2d(4-20)  2%          4
 Arcjolt                  Conj/Air       28%        1d38      2%          5
 Vhi's Electric Charge    Tloc/Air       64%        N/A       4%          3
 Ignite Poison            Fire/Tmut/Pois 45%        N/A       6%          3
 Petrify                  Tmut/Erth      41%        N/A       7%          4
 Iskenderun's Mystic Bla  Conj/Tloc      40%        2d9       8%          4
 Animate Armour           Summ/Erth      78%        N/A       9%          4
 Starburst                Conj/Fire      40%        6d11      9%          6
 Beastly Appendage        Tmut           28%        N/A       10%         1
 Sting                    Tmut/Pois      48%        1d5       11%         1
 Slow                     Hex            44%        N/A       13%         1
 Conjure Ball Lightning   Conj/Air       28%        3x3d8     16%         6
 Summon Lightning Spire   Summ/Air       32%        N/A       17%         4
 Ensorcelled Hibernation  Hex/Ice        22%        N/A       21%         2
 Lesser Beckoning         Tloc           22%        N/A       21%         2
 Borgnjor's Vile Clutch   Necr/Erth      19%        N/A       22%         5
 Spider Form              Tmut/Pois      12%        N/A       32%         3
 Confusing Touch          Hex            11%        N/A       36%         3
 Gell's Gravitas          Tloc           11%        N/A       36%         3
 Portal Projectile        Hex/Tloc       22%        N/A       36%         3
 Summon Guardian Golem    Hex/Summ       11%        N/A       36%         3
 Teleport Other           Tloc           11%        N/A       36%         3
 Tukima's Dance           Hex            11%        N/A       36%         3
 Vampiric Draining        Necr           11%        2d6       36%         3
 Orb of Destruction       Conj           31%        9d10      36%         7
 Anguish                  Hex/Necr       5%         N/A       78%         4
 Animate Dead             Necr           11%        N/A       78%         4
 Dispel Undead            Necr           11%        3d9       78%         4
 Manifold Assault         Tloc           11%        N/A       78%         4
 Olgreb's Toxic Radiance  Pois           11%        N/A       78%         4
 Summon Ice Beast         Ice/Summ       11%        N/A       78%         4
 Blade Hands              Tmut           7%         N/A       95%         5
 Lehudib's Crystal Spear  Conj/Erth      31%        10d8      97%         8
 Summon Mana Viper        Hex/Summ       11%        N/A       98%         5
 Death Channel            Necr           5%         N/A       100%        6
 Dispersal                Tloc           5%         N/A       100%        6
 Eringya's Noxious Bog    Tmut/Pois      6%         N/A       100%        6
 Summon Cactus Giant      Summ           5%         N/A       100%        6
 Haunt                    Necr/Summ      5%         N/A       100%        7
 Monstrous Menagerie      Summ           5%         N/A       100%        7
 Spellforged Servitor     Conj/Summ      20%        N/A       100%        7
 Storm Form               Tmut/Air       16%        N/A       100%        7
 Discord                  Hex            5%         N/A       100%        8
 Disjunction              Tloc           5%         N/A       100%        8
 Infestation              Necr           5%         N/A       100%        8
 Maxwell's Capacitive Co  Air            26%        ∞         100%        8
 Chain Lightning          Conj/Air       28%        3d38      100%        9


Dungeon Overview and Level Annotations

Branches:
Dungeon (15/15)            Temple (0/1) D:6            Lair (5/5) D:9
  Swamp (4/4) Lair:3       Spider (2/4) Lair:3        Slime (0/5) Lair:5
    Orc (2/2) D:11            Elf (0/3) Orc:2        Vaults (0/5) D:13
 Depths (0/4) D:15          Sewer (visited)          Bailey (visited)

Altars:
Ashenzari
Cheibriados
Elyvilon
Gozag
Makhleb
Nemelex Xobeh
Okawaru
Trog
Vehumet
Zin

Shops:
D:2 [   D:4 [   D:5 !   D:7 ?*   D:10 *   D:13 =   Orc:2 [[(:

Annotations:
D:7 3 runed translucent doors, AverageBear's ghost, novice OpFi; dang3rdave's ghost, novice GrCA; sirJeffrey23's ghost, novice DrAE; xSliceyx's ghost, novice DsFi; zazu2006's ghost, novice GnWn
D:10 3 runed translucent doors, ojifijod's ghost, journeyman FoFi
Swamp:1 Roxanne


Innate Abilities, Weirdness & Mutations

You are immune to sickness and miasma.
Your stone body is resilient. (AC +13)
You are immune to poison.
Your large and strong wings let you fly.
You resist negative energy. (rN+)
You are resistant to electric shocks. (rElec)
You are resistant to unholy torment.
You are immune to petrification.


Message History

The redback is almost dead.
The redback bites you.
The redback bites you but does no damage.
A wolf spider simulacrum comes into view.
The redback closely misses you.
The blast of sand hits the redback!
You kill the redback!
Makhleb accepts your kill.
You feel better.
A freezing mist starts to gather...
A redback simulacrum comes into view.
The blast of sand hits the redback simulacrum!!
The redback simulacrum vaporises!
The wolf spider simulacrum completely misses you.
The wolf spider simulacrum bites you.
The wolf spider simulacrum freezes you!!
You are too injured to fight recklessly!
You are too injured to fight recklessly!
Unknown command.
Aiming: Sandblast (safe; 1% risk of failure)
Press: ? - help, Q - select action, (/) - cycle Shift-Dir - straight line, f - wolf spider simulacrum
Aim: a wolf spider simulacrum (freezing vapour, 95% to hit)
The blast of sand hits the wolf spider simulacrum.
The wolf spider simulacrum is lightly damaged.
You block the wolf spider simulacrum's attack.
The wolf spider simulacrum bites you but does no damage.
The wolf spider simulacrum hits you but does no damage.
The wolf spider simulacrum closely misses you.
Aiming: Sandblast (safe; 1% risk of failure)
Press: ? - help, Q - select action, (/) - cycle Shift-Dir - straight line, f/p - wolf spider simulacrum
Aim: a wolf spider simulacrum (freezing vapour, lightly damaged, 95% to hit)
The blast of sand hits the wolf spider simulacrum.
The wolf spider simulacrum is moderately damaged.
You block the wolf spider simulacrum's attack.
The wolf spider simulacrum bites you!
The wolf spider simulacrum freezes you!!
* * * LOW HITPOINT WARNING * * *
The wolf spider simulacrum hits you.
* * * LOW HITPOINT WARNING * * *
The wolf spider simulacrum freezes you!
You die...

#.#...........#
#....######...######
#.....^#.##....#.#.#
..##.....#...###...#
...#..#..###...)..^## ..
#..##..#..#..^...#..#...
#...#..#.#..#..###....#.
#.#.#...#^.##.†##.......
#####.#....#...Z@#
...###..####†.####
.^##^##..#....sB...#
...#..#####.#s!....#
.###...#^.####.s#...#
...#..##..## ##. #.#
#......##..# .. #
###...##...# s. #
#.#......# ..#


You could see a wolf spider simulacrum.

Vanquished Creatures
  Rupert (D:14)
  Asterion (Spider:2)
  A tentacled monstrosity (Swamp:4)
  A sphinx (D:13)
  Kirke (Spider:1)
  A tengu reaver (D:13)
  An orc warlord (Orc:2)
  A quicksilver ooze (shapeshifter) (D:12)
  4 eleionomae
  Azrael (D:14)
  3 bunyips
  A shambling mangrove (Swamp:4)
  An entropy weaver (Spider:1)
  A deep elf high priest (D:12)
  Josephine (Spider:1)
  A rakshasa (D:12)
  Fannar (Lair:1)
  A ghost crab (Swamp:4)
  14 hydras
  A radroach (Spider:2)
  7 centaur warriors
  6 two-headed ogres
  2 dancing weapons (D:13)
  2 catoblepae
  3 boulder beetles
  8 death yaks
  4 alligators
  A deep troll earth mage (D:12)
  2 tengu warriors
  2 orc high priests
  2 spriggan berserkers (Swamp:3)
  2 skysharks
  A sun moth (Spider:1)
  A fire crab (D:9)
  4 goliath frogs
  4 pharaoh ants
  6 spriggan druids
  A deep troll (D:15)
  3 orb spiders
  11 swamp dragons
  A harpy (D:15)
  3 bog bodies
  2 deep elf pyromancers
  13 wolf spiders
  A deep elf zephyrmancer (D:12)
  3 orc knights
  2 wizards
  2 necromancers
  3 cyclopes
  9 ugly things
  4 manticores
  8 orc sorcerers
  The ghost of NateTC the Cudgeller, a novice OgFi (D:3)
  A will-o-the-wisp (Swamp:2)
  An elephant (shapeshifter) (D:13)
  19 elephants
  7 black mambas
  11 demonic crawlers
  3 torpor snails (Spider:1)
  3 gargoyles
  6 rime drakes
  9 komodo dragons
  A yaktaur (D:15)
  3 freezing wraiths (D:14)
  11 cane toads
  3 efreet
  A tengu conjurer (D:15)
  10 trolls
  A bloated husk (Swamp:2)
  4 meliai
  18 hornets
  6 polar bears (Lair:5)
  12 tarantellas
  A hornet (shapeshifter) (D:14)
  14 tyrant leeches
  A tarantella (shapeshifter) (D:13)
  11 blink frogs
  A dream sheep (Lair:2)
  3 slime creatures (D:13)
  17 culicivoras
  15 jumping spiders
  47 yaks
  2 centaur simulacra
  A yak (shapeshifter) (D:14)
  3 fire elementals (D:14)
  8 wyverns
  2 vampires
  27 spriggans
  7 wraiths
  4 basilisks
  2 steam dragons
  5 hogs (Spider:2)
  22 redbacks
  3 wargs
  15 vampire mosquitoes
  8 swamp worms
  8 water moccasins
  3 acid dragons
  3 hell hounds (D:14)
  Pargi (D:3)
  40 orc warriors
  An ice beast (D:8)
  2 sky beasts (D:6)
  8 swamp drakes
  7 black bears
  9 ogres
  21 wolves (Lair:5)
  6 boggarts
  10 centaurs
  3 kobold brigands
  17 bullfrogs
  5 scorpions
  11 wights
  16 killer bees
  5 electric eels
  7 howler monkeys
  A howler monkey (shapeshifter) (D:15)
  3 hounds
  4 jellies
  Crazy Yiuf (D:2)
  27 orc priests
  A gnoll bouda (D:6)
  3 iguanas
  27 orc wizards
  A mummy (D:4)
  13 gnolls
  3 adders
  2 white imps
  An ufetubus (D:4)
  4 worms
  A dart slug (D:2)
  92 orcs
  5 endoplasms
  4 giant cockroaches
  6 goblins
  8 hobgoblins
  6 jackals
  5 quokkas
  14 ball pythons
  6 bats
  4 frilled lizards
  22 kobolds
  4 rats
962 creatures vanquished.

Vanquished Creatures (collateral kills)
  the Lernaean hydra (Swamp:4)
  A fire giant (D:12)
  A frost giant (D:12)
  An entropy weaver (Spider:2)
  A boulder beetle (D:14)
  A bog body (Swamp:4)
  2 swamp dragons (Swamp:4)
  A steelbarb worm (Spider:1)
  2 wolf spiders (Spider:2)
  An elephant (Lair:3)
  A tarantella (Spider:2)
  A jumping spider (Spider:1)
  2 wraiths (Spider:1)
  A human (Spider:1)
  2 redbacks (Spider:2)
19 creatures vanquished.

Vanquished Creatures (others)
  A wolf spider (Spider:2)
  A redback (Spider:1)
  A swamp worm (Swamp:2)
  2 foxfires (Swamp:2)
5 creatures vanquished.

Grand Total: 986 creatures vanquished

Notes
Turn   | Place    | Note
-------+----------+-------------------------------------------
     0 | D:1      | LustLizard the Gargoyle Earth Elementalist began the quest
                  | for the Orb.
     0 | D:1      | Reached XP level 1. HP: 10/10 MP: 3/3
   338 | D:1      | Reached XP level 2. HP: 16/16 MP: 3/5
  1233 | D:2      | Found Ikokh's Armour Shoppe.
  1294 | D:2      | Reached skill level 1 in Fighting
  1375 | D:2      | Reached XP level 3. HP: 20/20 MP: 4/6
  1379 | D:2      | Learned a level 3 spell: Stone Arrow
  1886 | D:2      | Found a runed translucent door.
  1887 | D:2      | Noticed Crazy Yiuf
  1958 | D:3      | Noticed Pargi
  2452 | D:3      | Reached XP level 4. HP: 25/25 MP: 3/7
  2487 | D:3      | Found a faded altar of an unknown god.
  2630 | D:3      | Found a runed translucent gate.
  2630 | D:3      | Noticed NateTC's ghost (novice OgFi)
  2631 | D:3      | Found a runed translucent gate.
  2634 | D:3      | Found a runed translucent gate.
  3150 | D:4      | Found Raobbuabli's Antique Armour Shop.
  3377 | D:4      | Reached XP level 5. HP: 20/30 MP: 5/9
  3427 | D:4      | Reached skill level 1 in Conjurations
  3427 | D:4      | Reached skill level 5 in Earth Magic
  3769 | D:4      | Reached XP level 6. HP: 31/36 MP: 6/10
  3873 | D:4      | Found a snail-covered altar of Cheibriados.
  4029 | D:4      | Found an iron altar of Okawaru.
  4054 | D:4      | Found a bloodstained altar of Trog.
  4219 | D:5      | Entered Level 5 of the Dungeon
  4219 | D:5      | Found Igiaduid's Distillery.
  4340 | D:2      | Killed Crazy Yiuf
  4636 | D:5      | Found a burning altar of Makhleb.
  4648 | D:5      | Became a worshipper of Makhleb the Destroyer
  4752 | D:5      | Reached XP level 7. HP: 40/40 MP: 8/11
  4934 | D:5      | Bought a potion of haste for 100 gold pieces
  4934 | D:5      | Bought a potion of degeneration for 10 gold pieces
  5170 | D:5      | Found a glowing silver altar of Zin.
  5481 | D:6      | Reached skill level 1 in Invocations
  5560 | D:6      | Reached XP level 8. HP: 46/46 MP: 10/13
  5735 | D:6      | Reached * piety under Makhleb
  5736 | D:6      | Reached skill level 5 in Conjurations
  5825 | D:6      | Identified the +3 dagger "Kamalluti" {heavy, Drain rElec
                  | Will+ Dex+2}
  5846 | D:6      | Found a glowing drain.
  5859 | Sewer    | Entered a sewer
  6277 | D:6      | Reached XP level 9. HP: 52/52 MP: 12/15
  6281 | D:6      | Learned a level 3 spell: Swiftness
  6371 | D:6      | Found a radiant altar of Vehumet.
  6572 | D:6      | Found a staircase to the Ecumenical Temple.
  6730 | D:6      | Reached skill level 1 in Air Magic
  7201 | D:6      | Reached skill level 1 in Armour
  7263 | D:7      | Found Gozag's Platinum Reserve.
  7263 | D:7      | Found an opulent altar of Gozag.
  7628 | D:6      | Reached skill level 5 in Invocations
  7629 | D:6      | Reached ** piety under Makhleb
  7731 | D:7      | Reached skill level 5 in Fighting
  7837 | D:7      | Found a runed translucent gate.
  7837 | D:7      | Found a runed translucent gate.
  7837 | D:7      | Found a runed translucent gate.
  7837 | D:7      | Noticed xSliceyx's ghost (novice DsFi)
  7838 | D:7      | Noticed sirJeffrey23's ghost (novice DrAE)
  7838 | D:7      | Noticed dang3rdave's ghost (novice GrCA)
  7838 | D:7      | Noticed zazu2006's ghost (novice GnWn)
  7838 | D:7      | Noticed AverageBear's ghost (novice OpFi)
  7952 | D:7      | Reached XP level 10. HP: 11/59 MP: 6/17
  8116 | D:7      | Found Anyuripp's Magic Scroll Boutique.
  8120 | D:7      | Bought a scroll of poison for 56 gold pieces
  8507 | D:3      | Killed NateTC's ghost
  8835 | D:3      | Killed Pargi
  9071 | D:8      | Reached skill level 1 in Shields
  9106 | D:8      | Reached skill level 5 in Spellcasting
  9323 | D:8      | Identified the +4 robe "Gielitsi" {Dex+4 Archmagi}
  9823 | D:9      | Reached *** piety under Makhleb
 10008 | D:9      | Upgraded the game from 0.30.0-13-g156ef70053 to
                  | 0.30.0-15-g856e2d3f33
 10560 | D:9      | Found a staircase to the Lair.
 10561 | D:9      | Noticed a fire crab
 10574 | D:9      | Killed a fire crab
 10575 | D:9      | Reached skill level 10 in Earth Magic
 10817 | D:9      | Reached XP level 11. HP: 64/64 MP: 16/18
 12107 | D:10     | Entered Level 10 of the Dungeon
 12149 | D:10     | Found Fapor's General Store.
 12385 | D:10     | Found a flagged portal.
 12387 | D:10     | Reached **** piety under Makhleb
 12425 | Bailey   | Entered a bailey
 12564 | Bailey   | Identified the quicksilver dragon scales "Patown" {Rampage
                  | rElec rC- Will+ Dex+6}
 12755 | Bailey   | Noticed a two-headed ogre
 12847 | Bailey   | Killed a two-headed ogre
 13440 | D:10     | Found a broken altar of Ashenzari.
 13480 | D:10     | Reached skill level 5 in Air Magic
 13750 | D:10     | Found a runed translucent gate.
 13750 | D:10     | Found a runed translucent gate.
 13750 | D:10     | Found a runed translucent gate.
 13756 | D:10     | Noticed ojifijod's ghost (journeyman FoFi)
 14091 | D:11     | Reached XP level 12. HP: 61/71 MP: 6/20
 14316 | D:11     | Noticed a two-headed ogre
 14330 | D:11     | Killed a two-headed ogre
 14647 | D:11     | Found a staircase to the Orcish Mines.
 14964 | D:12     | Reached skill level 5 in Armour
 15114 | D:12     | Reached skill level 1 in Evocations
 15216 | D:12     | Reached ***** piety under Makhleb
 15309 | D:12     | Identified the +2 robe "Zaptojiu" {+Blink}
 15324 | D:12     | Reached skill level 10 in Conjurations
 15324 | D:12     | Reached XP level 13. HP: 76/76 MP: 16/22
 15408 | D:12     | Reached skill level 5 in Shields
 16004 | D:12     | Noticed a deep elf high priest
 16007 | D:12     | HP: 3/78 [deep elf high priest/a malign offering (12)]
 16008 | D:12     | Noticed a frost giant
 16169 | Lair:1   | Entered Level 1 of the Lair of Beasts
 16270 | Lair:1   | Learned a level 5 spell: Fireball
 16367 | Lair:1   | Reached skill level 1 in Fire Magic
 16760 | Lair:1   | Found a dark tunnel.
 16978 | Lair:1   | Noticed Fannar
 16989 | Lair:1   | Killed Fannar
 17857 | Lair:2   | Reached skill level 10 in Invocations
 17860 | Lair:2   | Gained mutation: Your large and strong wings let you fly.
                  | [Gargoyle growth]
 17860 | Lair:2   | Reached XP level 14. HP: 84/84 MP: 19/24
 18085 | Lair:2   | You are sucked into a shaft and drop 2 floors!
 18548 | Lair:4   | Got the Compendium of Pessimism
 18670 | Lair:3   | Found a staircase to the Swamp.
 18885 | Lair:2   | Reached skill level 5 in Evocations
 20369 | Lair:3   | Reached skill level 5 in Fire Magic
 20778 | Lair:3   | Found a hole to the Spider Nest.
 22334 | Lair:5   | Entered Level 5 of the Lair of Beasts
 22994 | Lair:5   | Found a staircase to the Slime Pits.
 23277 | Lair:5   | Reached XP level 15. HP: 88/90 MP: 21/27
 23359 | Lair:4   | Upgraded the game from 0.30.0-15-g856e2d3f33 to
                  | 0.30.0-18-gc0e69614cb
 24122 | Lair:5   | Reached ****** piety under Makhleb
 25748 | D:12     | Noticed a fire giant
 25756 | D:12     | Killed a fire giant
 26826 | D:12     | Killed a frost giant
 27226 | D:13     | Found Amenuaz's Jewellery Emporium.
 27509 | D:13     | Identified the +1 helmet of Nemelex Xobeh's Envy {-Cast rC-
                  | rCorr Dex+9}
 27910 | D:13     | Reached skill level 1 in Short Blades
 28040 | D:13     | Found a gate to the Vaults.
 28586 | D:13     | Noticed a tengu reaver
 28587 | D:13     | Noticed a sphinx
 28591 | D:13     | Reached skill level 10 in Fighting
 28591 | D:13     | Killed a tengu reaver
 28593 | D:13     | Killed a sphinx
 28759 | D:14     | Noticed Rupert
 29356 | D:14     | Identified the +7 spear "LustLizard's Regret" {heavy, rC+
                  | rN+++ rCorr Dex-5}
 29555 | D:14     | Reached XP level 16. HP: 91/97 MP: 4/28
 29996 | D:14     | Killed Rupert
 30317 | D:14     | Noticed Azrael
 30329 | D:14     | Killed Azrael
 30585 | D:14     | Found a radiant altar of Vehumet.
 31221 | D:15     | Entered Level 15 of the Dungeon
 31221 | D:15     | Found a white marble altar of Elyvilon.
 31608 | D:15     | Found a white marble altar of Elyvilon.
 32422 | D:15     | Found a staircase to the Depths.
 32499 | D:15     | Found a sparkling altar of Nemelex Xobeh.
 32855 | Orc:1    | Entered Level 1 of the Orcish Mines
 33219 | Orc:2    | Entered Level 2 of the Orcish Mines
 33219 | Orc:2    | Found a staircase to the Elven Halls.
 34123 | Orc:2    | Found Huop's Distillery.
 34264 | Orc:2    | Found Enoimake's Book Shop.
 34480 | Orc:2    | Found Yzxin's Armour Shoppe.
 34658 | Orc:2    | Reached skill level 10 in Fire Magic
 35688 | Orc:2    | Found Faum's Antique Weapon Shop.
 35801 | Orc:2    | Found Cagosm's Antique Armour Boutique.
 35975 | Orc:2    | Bought a twisted leather armour for 217 gold pieces
 35975 | Orc:2    | Identified the +1 leather armour "Ilotian" {rN+ MP-9 Str+2}
                  | (You bought it in a shop on level 2 of the Orcish Mines)
 35975 | Orc:2    | Bought a jewelled leather armour for 217 gold pieces
 35975 | Orc:2    | Identified the +1 leather armour of Counkur {Harm Drain
                  | Slay+5 Stlth+} (You bought it in a shop on level 2 of the
                  | Orcish Mines)
 36189 | Swamp:1  | Entered Level 1 of the Swamp
 36281 | Swamp:1  | Learned a level 6 spell: Plasma Beam
 36880 | Swamp:1  | Noticed Roxanne
 38076 | Swamp:1  | Reached XP level 17. HP: 70/104 MP: 2/30
 39745 | Swamp:2  | Reached skill level 10 in Spellcasting
 40365 | Swamp:2  | Learned a level 6 spell: Iron Shot
 41246 | Swamp:3  | Identified a scroll of acquirement
 41250 | Swamp:3  | Acquired the Handbook of Bruises
 41664 | Swamp:4  | Entered Level 4 of the Swamp
 42130 | Swamp:4  | Noticed a tentacled monstrosity
 42135 | Swamp:4  | Noticed the 27-headed Lernaean hydra
 42176 | Swamp:4  | Killed a tentacled monstrosity
 42974 | Spider:1 | Entered Level 1 of the Spider Nest
 44687 | Spider:1 | Noticed Josephine
 45194 | Swamp:4  | Killed the 27-headed Lernaean hydra
 45195 | Swamp:4  | Reached XP level 18. HP: 112/112 MP: 21/32
 45374 | Swamp:4  | Got a decaying rune of Zot
 45720 | Spider:1 | Identified the +10 chain mail of the Echidna {rN+}
 45778 | Spider:1 | Killed Josephine
 46438 | Spider:2 | Noticed Kirke
 46452 | Spider:1 | Killed Kirke
 47343 | Spider:2 | Noticed Asterion
 47356 | Spider:2 | Killed Asterion
 47861 | Spider:2 | Slain by a wolf spider simulacrum

Illustrated notes

Levels and vault maps discovered:
D:1:      dpeg_arrival_concentric_ovals, layout_basic, minmay_split_cup_large
D:2:      layout_loops_ring, serial_shops, shop, dreamdust_wishing_well,
          uniq_crazy_yiuf_cottage
D:3:      cheibrodos_old_hovel, layout_loops_cross, biasface_ghost_orc_armoury,
          hellmonk_ecumenical_altar_leap_of_faith, chequers_decorated_corner,
          uniq_pargi
D:4:      layout_layer_cave, grunt_temple_overflow_bloody_war, slow_altar_2,
          serial_shops, shop, minmay_fractal_squares_diagonal_5
D:5:      layout_rooms, lemuel_round_altar, zin_statuary, serial_shops, shop,
          amcnicky_mini_rare_corridor_liquid, dk_noncrumbling_4
D:6:      layout_layer_cave, overflow_temple_1_default, temple_doors_cd,
          cheibrodos_sewer_entry_bend, minmay_misc_feat_four_crosses,
          kennysheep_small_circle
D:7:      layout_gridville, nicolae_gozag_zags_fifth_avenue,
          gammafunk_ghost_cemetery, serial_shops,
          nicolae_shop_pleasant_corner_grove, grunt_ministairs_9,
          minmay_misc_feat_columns
D:8:      layout_rooms
D:9:      layout_stronghold, minmay_lair_entry_lava
D:10:     layout_rooms, mainiacjoe_overflow_cross_hatched, serial_shops, shop,
          enter_bailey_7, gammafunk_ghost_spectres
D:11:     layout_rooms, orc_0_dummy, hangedman_decor_lopped
D:12:     minmay_octo_star, layout_rooms
D:13:     minmay_shrinking_squares, layout_basic, erik_vaults_1, serial_shops,
          nicolae_square_shop
D:14:     minmay_isolated_rectangles_in_corner, layout_irregular_city,
          vehumet_crystals, uniq_rupert, uniq_azrael
D:15:     hangedman_depths_entry_civil_slaughter, layout_long_grid,
          nemelex_xobeh_ov_fountains_minmay, hangedman_feature_mirror
Lair:1:   layout_gridlike, enter_volcano_2, uniq_fannar
Lair:2:   nzn_winding_woodlands_medium [nzn_winding_woodlands_5x5_open_star,
          nzn_winding_woodlands_5x15_pockets,
          nzn_winding_woodlands_5x5_closed_star,
          nzn_winding_woodlands_5x5_cross,
          nzn_winding_woodlands_center_triple_pond,
          nzn_winding_woodlands_5x5_checkerboard,
          nzn_winding_woodlands_5x5_perimeter, nzn_winding_woodlands_5x15_cabin,
          nzn_winding_woodlands_5x5_default], layout_long_grid, st_stairs_3,
          infiniplex_staircase_pool, lemuel_fruit_tree
Lair:3:   layout_chaotic_city, swamp_mist, spider_nest_entry_a,
          grunt_forest_small_clearing_treed
Lair:4:   layout_cave_pods, grunt_megastairs_3
Lair:5:   minmay_lair_end_enchanted_forest, layout_regular_city, slime_entry_1
Swamp:1:  layout_basic_swamp, evilmike_swamp_ruin_house_6, uniq_roxanne
Swamp:2:  layout_basic_swamp, nicolae_swamp_tree_isthmus
Swamp:3:  layout_basic_swamp, nicolae_swamp_dense_foliage, swamp_pool1,
          nicolae_swamp_very_dense_foliage
Swamp:4:  swamp_old_school, layout_basic_swamp
Spider:1: layout_spider_delve, worms_lemuel, uniq_josephine
Spider:2: layout_spider_delve, uniq_kirke, uniq_asterion
Orc:1:    layout_diamond_mine
Orc:2:    grunt_orc_community_town_hall, layout_caves,
          grunt_orc_community_big_house_2, grunt_orc_community_big_house_2,
          grunt_orc_community_house_3, grunt_orc_community_house_3,
          grunt_orc_community_house_1, grunt_orc_community_house_3,
          grunt_orc_community_house_2, serial_shops, shop

Skill      XL: |  1  2  3  4  5  6  7  8  9 10 11 12 13 14 15 16 17 |
---------------+----------------------------------------------------+-----
Earth Magic    | 4 5 6 7 8 9 10 11 12 13 | 13.5
Fighting       | 1 2 3 4 5 6 7 8 9 10 11 12 | 12.5
Stealth        | 3 4 |  4.0
Conjurations   | 2 3 4 5 6 8 9 10 11 12 13 | 13.8
Spellcasting   | 3 4 5 6 7 8 9 10 | 10.9
Invocations    | 1 3 5 6 8 9 10 11 12 | 12.2
Air Magic      | 2 4 5 7 9 |  9.8
Armour         | 2 3 4 5 6 7 8 |  8.1
Shields        | 2 3 4 5 6 |  6.6
Evocations     | 3 4 5 6 |  6.4
Fire Magic     | 2 6 8 10 12 | 12.9
Short Blades   | 2 |  2.2
Dodging        | |  1.5
Transmutations | |  0.7

Action                     |  1- 3 |  4- 6 |  7- 9 | 10-12 | 13-15 | 16-18 || total
---------------------------+-------+-------+-------+-------+-------+-------++-------
  Melee: Short sword       |    14 |     2 |       |       |       |       ||    16
         Dagger            |       |       |       |    21 |   158 |       ||   179
         Punch             |       |       |       |     1 |       |       ||     1
         Staff             |       |       |       |       |     1 |   114 ||   115
   Cast: Sandblast         |    69 |    90 |   180 |   238 |   409 |   599 ||  1585
         Stone Arrow       |       |       |     8 |   105 |   342 |   386 ||   841
         Swiftness         |       |       |     2 |     3 |     1 |       ||     6
         Fireball          |       |       |       |       |    40 |    67 ||   107
         Iron Shot         |       |       |       |       |       |    46 ||    46
         Plasma Beam       |       |       |       |       |       |     2 ||     2
 Invoke: Major Destruction |       |       |       |     1 |     4 |    13 ||    18
         Greater Servant o |       |       |       |       |       |     4 ||     4
  Evoke: Wand              |       |       |       |       |     4 |    42 ||    46
         Lightning rod     |       |       |       |       |     4 |    16 ||    20
         Box of beasts     |       |       |       |       |     3 |     2 ||     5
         Phantom mirror    |       |       |       |       |     1 |     4 ||     5
    Use: Scroll            |     1 |     7 |     9 |     5 |    15 |     8 ||    45
         Potion            |       |       |       |     1 |     2 |     7 ||    10
   Stab: Distracted        |       |       |       |       |       |     1 ||     1
 Armour: Robe              |     7 |       |       |    54 |       |       ||    61
         Leather armour    |     4 |    25 |    36 |    15 |       |       ||    80
         Quicksilver drago |       |       |       |    64 |   464 |   700 ||  1228
  Dodge: Dodged            |    16 |    32 |    61 |   146 |   601 |   805 ||  1661
  Block: Buckler           |       |       |       |       |   215 |   393 ||   608
